 Dungeon Crawl Stone Soup version 0.29.1-12-g30fa7ad0bf (webtiles) character file.

Game seed: 13151297624519238590

2048 mopl the Covert (level 9, 0/61 HPs)
             Began as an Octopode Delver on Jan 5, 2023.
             Was a Priest of Dithmenos.
             Slain by Duvessa
             ... wielding a +2 short sword of speed
              (4 damage)
             ... on level 6 of the Dungeon.
             The game lasted 00:10:27 (5641 turns).

mopl the Covert (Octopode Delver)                   Turns: 5641, Time: 00:10:28

Health: 0/61       AC:  1    Str: 12    XL:     9   Next: 24%
Magic:  12/12      EV: 14    Int: 16    God:    Dithmenos [***...]
Gold:   764        SH:  0    Dex: 13    Spells: 8/8 levels left

rFire   + . .      SeeInvis .   a - +7 dagger "Voowkorec" {vorpal, rElec}
rCold   . . .      Faith    .   (no shield)
rNeg    . . .      Spirit   .   (helmet restricted)
rPois   .          Reflect  .   (no amulet)
rElec   +          Harm     .   t - ring of protection from fire
rCorr   .          Rampage  .   (no ring)
Will    .....                   (no ring)
Stlth   +++++++...              (no ring)
HPRegen 0.20/turn               (no ring)
MPRegen 0.13/turn               (no ring)
                                (no ring)
                                (no ring)

@: wreathed by umbra
A: almost no armour, amphibious, 8 rings, camouflage 1, gelatinous body 1,
(nimble swimmer 1), tentacles
a: Renounce Religion, Shadow Step


You were on level 6 of the Dungeon.
You worshipped Dithmenos.
Dithmenos was most pleased with you.
You visited 2 branches of the dungeon, and saw 7 of its levels.

You collected 764 gold pieces.

Inventory:

Hand Weapons
 a - the +7 dagger "Voowkorec" (weapon) {vorpal, rElec}
   (You found it on level 5 of the Dungeon)

   It inflicts extra damage upon your enemies.
   rElec:     It insulates you from electricity.
 l - a +0 falchion
Missiles
 i - 5 boomerangs
 r - a poisoned dart (quivered)
Jewellery
 t - a ring of protection from fire (left tentacle)
Wands
 f - a wand of digging (3)
 x - a wand of flame (21)
Scrolls
 b - a scroll of fog
 c - a scroll of magic mapping
 d - a scroll of fear
 g - 2 scrolls of enchant armour {unknown}
 j - 5 scrolls of teleportation {unknown}
 k - 4 scrolls of poison {unknown}
 n - 3 scrolls of torment {unknown}
 p - 2 scrolls of noise {unknown}
 s - 3 scrolls of vulnerability {unknown}
 v - a scroll of enchant weapon {unknown}
 y - a scroll of butterflies {unknown}
 z - a scroll of summoning {unknown}
Potions
 e - 2 potions of haste
 h - a potion of flight
 m - 5 potions of curing
 o - 3 potions of brilliance
 q - 2 potions of might
 w - a potion of resistance
 A - a potion of lignification {!q}
 B - a potion of degeneration {unknown}
 C - a potion of mutation {unknown}
Miscellaneous
 u - a piece from Xom's chessboard (inert)


   Skills:
 + Level 5.5 Fighting
 + Level 4.3 Long Blades
 + Level 3.7 Throwing
 + Level 5.0 Dodging
 + Level 9.4 Stealth
 + Level 4.5 Invocations
 + Level 5.0 Evocations


You had 8 spell levels left.
You didn't know any spells.
Your spell library contained the following spells:

 Spells                   Type           Power      Damage    Failure   Level
 Freeze                   Ice            0%         1d3       26%         1
 Frozen Ramparts          Ice            0%         1d1       58%         3
 Ozocubu's Armour         Ice            0%         N/A       58%         3
 Hailstorm                Conj/Ice       0%         3d3       94%         4
 Ozocubu's Refrigeration  Ice            0%         4d7       100%        7


Dungeon Overview and Level Annotations

Branches:
Dungeon (6/15)             Temple (1/1) D:5

Altars:
Cheibriados
Dithmenos
Elyvilon
Fedhas
Gozag
Hepliaklqana
Kikubaaqudgha
Makhleb
Qazlal
Ru
Sif Muna
Trog
Vehumet
Wu Jian
Xom
The Shining One

Annotations:
D:3 3 runed translucent doors, p0werm0de's ghost, weakling OpDe
D:6 Dowan; Duvessa


Innate Abilities, Weirdness & Mutations

You cannot wear most types of armour.
You are amphibious.
You can wear up to eight rings at the same time.
Your skin changes colour to match your surroundings (Stealth+).
Your rubbery body absorbs attacks. (AC +1, EV +1)
((You are camouflaged when in or above water. (Stealth+)))
You have tentacles for arms and can constrict up to eight enemies at once.


Message History

You hit the orc.
You kill the orc!
Dithmenos accepts your kill.
Found a scroll labelled ONTODU VIBALUFOU.
There is a stone staircase leading up here.
Aiming: Throw Flame
Press: ? - help, Shift-Dir - straight line, f - Duvessa
Aim: Duvessa, wielding a +2 short sword of speed and wearing a +0 ring mail (umbra, 81% to hit)
The puff of flame hits Duvessa.
Duvessa is lightly wounded.
Unknown command.
Aiming: Throw Flame
Press: ? - help, Shift-Dir - straight line, f/p - Duvessa
Aim: Duvessa, wielding a +2 short sword of speed and wearing a +0 ring mail (lightly wounded, umbra, 81% to hit)
The puff of flame hits Duvessa.
Duvessa is lightly wounded.
Unknown command.
You hit Duvessa. You grab Duvessa. Your squeeze misses Duvessa.
Duvessa is moderately wounded.
You constrict Duvessa, but do no damage.
Duvessa closely misses you.
You hit Duvessa but do no damage. You squeeze Duvessa, but do no damage.
Duvessa is moderately wounded.
You constrict Duvessa.
Duvessa hits you with a +2 short sword of speed!
* * * LOW HITPOINT WARNING * * *
Duvessa hits you with a +2 short sword of speed!
* * * LOW HITPOINT WARNING * * *
You feel better.
You constrict Duvessa.
Duvessa hits you with a +2 short sword of speed.
* * * LOW HITPOINT WARNING * * *
You hit Duvessa.
Duvessa is heavily wounded.
You constrict Duvessa. Duvessa misses you.
You hit Duvessa.
Duvessa is severely wounded.
You constrict Duvessa, but do no damage.
Duvessa closely misses you.
Duvessa hits you with a +2 short sword of speed.
You die...

.......#.....
......#....... .##.
..e...#........ ...
............... ..
........##..#.###.#
........##..#....#
.).....###.......####
.........#.##.......#
.........e.##..e@...#
##.........#........#
###......#...#..#.##
##...#).###.######
#.......# ###
###.#..## #.#### ###


You could see Duvessa.

Vanquished Creatures
  Sigmund (D:6)
  Menkaure (D:5)
  2 water moccasins
  2 black bears
  2 sky beasts (D:6)
  2 ogres
  2 phantoms (D:4)
  A bullfrog (D:6)
  A necrophage (D:4)
  A scorpion (D:5)
  2 howler monkeys
  6 hounds
  4 iguanas
  4 orc wizards
  8 adders
  3 gnolls (D:5)
  A white imp (D:6)
  An ufetubus (D:4)
  6 dart slugs
  14 orcs
  9 ball pythons
  6 bats
  8 endoplasms
  3 giant cockroaches
  6 goblins
  7 hobgoblins
  6 jackals
  8 kobolds
  7 quokkas
  3 frilled lizards
  7 rats
134 creatures vanquished.

Vanquished Creatures (others)
  5 fungi (D:4)
  2 toadstools (D:4)
7 creatures vanquished.

Grand Total: 141 creatures vanquished

Notes
Turn   | Place    | Note
-------+----------+-------------------------------------------
     0 | D:5      | mopl the Octopode Delver began the quest for the Orb.
     0 | D:5      | Reached XP level 1. HP: 16/16 MP: 1/1
    67 | D:5      | Noticed a black bear
    77 | D:5      | Noticed an orc wizard
    96 | D:5      | Reached XP level 2. HP: 10/21 MP: 2/2
   101 | D:5      | Reached skill level 7 in Stealth
   101 | D:5      | Reached skill level 1 in Evocations
   101 | D:5      | Reached XP level 3. HP: 9/26 MP: 3/3
   423 | D:5      | Found a staircase to the Ecumenical Temple.
   437 | D:5      | Reached XP level 4. HP: 15/31 MP: 4/4
   520 | Temple   | Entered the Ecumenical Temple
   525 | Temple   | Became a worshipper of Dithmenos the Shadowed
   627 | D:5      | Identified the +7 dagger "Voowkorec" {vorpal, rElec}
   640 | D:5      | Reached skill level 2 in Evocations
   662 | D:5      | Reached skill level 3 in Dodging
   662 | D:5      | Reached skill level 1 in Invocations
   662 | D:5      | Reached XP level 5. HP: 18/37 MP: 5/5
  1171 | D:1      | Reached * piety under Dithmenos
  1297 | D:1      | Found a faded altar of an unknown god.
  1597 | D:2      | Identified the +1 leather armour of the Freezing God
                  | {Rampage rC+}
  1727 | D:2      | Reached skill level 4 in Fighting
  1756 | D:2      | Found a shimmering altar of Xom.
  1864 | D:2      | Reached XP level 6. HP: 43/43 MP: 7/7
  1866 | D:2      | Reached ** piety under Dithmenos
  2174 | D:3      | Found a runed translucent gate.
  2174 | D:3      | Noticed p0werm0de's ghost (weakling OpDe)
  2175 | D:3      | Found a runed translucent gate.
  2175 | D:3      | Identified the +6 scale mail of the Lizard {rF+}
  2176 | D:3      | Found a runed translucent gate.
  2237 | D:3      | Found a shimmering altar of Xom.
  2268 | D:3      | You fall into a shaft and drop 1 floor!
  2307 | D:4      | Reached skill level 2 in Invocations
  2496 | D:3      | Found an ornate altar of the Wu Jian Council.
  3184 | D:4      | Reached skill level 3 in Evocations
  3525 | D:4      | Reached skill level 1 in Throwing
  3525 | D:4      | Reached skill level 8 in Stealth
  3525 | D:4      | Reached XP level 7. HP: 48/48 MP: 8/8
  3585 | D:4      | Found a snail-covered altar of Cheibriados.
  3726 | D:4      | Reached *** piety under Dithmenos
  4212 | D:4      | Reached skill level 2 in Throwing
  4216 | D:4      | Reached skill level 3 in Long Blades
  4216 | D:4      | Reached skill level 3 in Invocations
  4241 | D:4      | Reached skill level 4 in Dodging
  4241 | D:4      | Reached XP level 8. HP: 54/54 MP: 10/10
  4615 | D:5      | Reached skill level 4 in Evocations
  4922 | D:5      | Found an opulent altar of Gozag.
  4923 | D:5      | Noticed Menkaure
  4932 | D:5      | Found a radiant altar of Vehumet.
  4934 | D:5      | Found an ancient bone altar of Kikubaaqudgha.
  4936 | D:5      | Found a stormy altar of Qazlal.
  4937 | D:5      | Killed Menkaure
  4938 | D:5      | Reached skill level 5 in Fighting
  4938 | D:5      | Found a burning altar of Makhleb.
  4964 | D:5      | Reached skill level 3 in Throwing
  5252 | D:6      | Reached skill level 9 in Stealth
  5257 | D:6      | Noticed Sigmund
  5262 | D:6      | Killed Sigmund
  5263 | D:6      | Reached skill level 4 in Long Blades
  5263 | D:6      | Reached skill level 4 in Invocations
  5288 | D:6      | Reached XP level 9. HP: 53/61 MP: 12/12
  5326 | D:6      | Reached skill level 5 in Dodging
  5494 | D:6      | Reached skill level 5 in Evocations
  5540 | D:6      | Noticed Duvessa
  5540 | D:6      | Noticed Dowan
  5638 | D:6      | HP: 1/61 [Duvessa/+2 short sword of speed (12)]
  5641 | D:6      | Slain by Duvessa

Illustrated notes

Levels and vault maps discovered:
D:1:      wander_arrival_estate, layout_basic,
          shapermc_ecumenical_altar_notcrosses
D:2:      layout_basic, basic_altar
D:3:      layout_loops_cross, mainiacjoe_overflow_chevrons, xom_butterflies,
          biasface_ghost_orc_armoury
D:4:      minmay_polygon_palace, layout_basic, cheibriados_altar_1,
          hangedman_decor_riveting, minmay_misc_feat_chi,
          minmay_gold_behind_fungi
D:5:      layout_cave_pools, grunt_temple_overflow_open,
          minmay_temple_entry_waves, uniq_menkaure
D:6:      layout_cave_pools, grunt_ashenzari_visionary
          [grunt_ashenzari_visionary_shoals, grunt_ashenzari_visionary_snake],
          serial_shops, kennysheep_mini, st_stairs_6, uniq_grinder,
          uniq_duvessa, uniq_sigmund, uniq_crazy_yiuf_cottage
Temple:   cyrus_circular_temple

Skill      XL: |  1  2  3  4  5  6  7  8  9 |
---------------+----------------------------+-----
Stealth        | 7 8 9 |  9.4
Evocations     | 1 2 3 4 5 |  5.0
Dodging        | 3 4 5 |  5.0
Invocations    | 1 2 3 4 |  4.5
Fighting       | 4 5 |  5.5
Throwing       | 1 2 3 |  3.7
Long Blades    | 3 4 |  4.3

Action                   |  1- 3 |  4- 6 |  7- 9 || total
-------------------------+-------+-------+-------++-------
Melee: Falchion          |    22 |       |       ||    22
       Constrict         |     5 |    16 |    21 ||    42
       Tentacles         |     5 |    21 |    28 ||    54
       Punch             |     1 |       |     4 ||     5
       Dagger            |       |   120 |   109 ||   229
Throw: Dart              |       |       |     3 ||     3
Evoke: Piece from Xom's  |       |       |    18 ||    18
       Wand              |       |       |     5 ||     5
  Use: Scroll            |       |     6 |       ||     6
       Potion            |       |       |     3 ||     3
 Stab: Sleeping          |     1 |    31 |    16 ||    48
       Distracted        |       |     2 |       ||     2
       Petrified         |       |       |     1 ||     1
       Confused          |       |       |     1 ||     1
       Paralysed         |       |       |     1 ||     1
Armor: Skin              |     2 |     4 |     4 ||    10
Dodge: Dodged            |    13 |    61 |    97 ||   171
